AoeStats
← Arsen

Arabia

510470207Analyzed
1v1 RM · 1d ago on Oct 1, 2026· 22m 31s· 2 players
Game mode
Random Map
Map size
Tiny (2 player)
Population
200
Speed
Normal
Resources
Standard
Victory
Conquest
Starting age
Dark Age
Ending age
Imperial Age
RankedLock teamsTeams togetherTeam positionsShared explorationLock speedFull tech treeHidden civsTurbo modeCheats
Victory
Defeat
🇲🇽 Malay · Mexico
1057
+14
🇱🇰 Teutons · Sri Lanka
1011
-14
DonRa
7:43 Loom
12:33 Feudal Age
12:41 Man-at-Arms
13:26 Double-Bit Axe
17:50 Horse Collar
18:31 Fletching
20:05 Padded Archer Armor
Arsen
7:25 Loom
11:15 Feudal Age
16:06 Fletching
22:18 Castle Age
20:42 Double-Bit Axe
21:27 Padded Archer Armor
21:45 Crossbowman
Connection lost

Rejoining the realm…

Still unreachable

The connection could not be restored.

Session expired

The server has moved on; the page needs a fresh start.